 Dungeon Crawl Stone Soup version 0.31-a0-325-g067879e3d3 (webtiles) character file.

Game seed: 9715038714222283339

271 NinjaNoafa the Cudgeller (level 6, -1/54 HPs)
             Began as an Armataur Monk on July 16, 2023.
             Was a Believer of Okawaru.
             Slain by a black bear (5 damage)
             ... on level 4 of the Dungeon on July 18, 2023.
             The game lasted 00:06:33 (2457 turns).

NinjaNoafa the Cudgeller (Armataur Monk)            Turns: 2457, Time: 00:06:33

Health: -1/54      AC:  7    Str: 19    XL:     6   Next: 2%
Magic:  7/7        EV:  9    Int: 10    God:    Okawaru [**....]
Gold:   89         SH:  0    Dex: 12    Spells: 5/5 levels left

rFire   . . .        a - +0 mace
rCold   . . .        d - orb {light}
rNeg    . . .        o - +3 leather armour
rPois   .            (no helmet)
rElec   .            (no cloak)
rCorr   +            (no gloves)
SInv    .            (no barding)
Will    .....        (no amulet)
Stlth   +            h - ring of resist corrosion
HPRegen 0.29/turn    (no ring)
MPRegen 0.10/turn

%: roll
@: glowing
A: large, rugged brown scales 3, deformed body, armoured tail, roll, long
tongue, awkward tongue
a: Renounce Religion, Heroism


You were on level 4 of the Dungeon.
You worshipped Okawaru.
Okawaru was pleased with you.
You visited 1 branch of the dungeon, and saw 4 of its levels.

You collected 89 gold pieces.

Inventory:

Hand Weapons
 a - a +0 mace (weapon)
Missiles
 j - 6 poisoned darts
Armour
 d - an orb of light (worn)
 o - a +3 leather armour (worn)
 s - a +1 cloak
Magical Staves
 q - a staff of death
Jewellery
 h - a ring of resist corrosion (left hand)
Talismans
 u - a serpent talisman
Scrolls
 b - a scroll of identify {unknown}
 e - a scroll of immolation {unknown}
 g - 2 scrolls of teleportation {unknown}
 k - a scroll of fog {unknown}
 n - 2 scrolls of amnesia {unknown}
 r - a scroll of noise {unknown}
Potions
 f - a potion of attraction {unknown}
 i - a potion of haste {unknown}
 l - a potion of cancellation {unknown}
 m - a potion of heal wounds {unknown}
 p - a potion of mutation {unknown}
 t - 2 potions of lignification {unknown}


   Skills:
 + Level 3.5 Fighting
 - Level 4.5 Maces & Flails
 + Level 2.8 Armour
 - Level 2.1 Dodging
 + Level 2.2 Invocations


You had 5 spell levels left.
You didn't know any spells.
Your spell library contained the following spells:

 Spells                   Type           Power      Damage    Failure   Level
 Apportation              Tloc           0%         N/A       41%         1
 Necrotise                Necr           0%         1d4       41%         1
 Portal Projectile        Hex/Tloc       0%         N/A       80%         3
 Iskenderun's Mystic Bla  Conj/Tloc      0%         2d3       99%         4
 Summon Small Mammal      Summ           Unusable   N/A       N/A         1
 Tukima's Dance           Hex            Unusable   N/A       N/A         3
 Malign Gateway           Summ/Tloc      Unusable   N/A       N/A         7
 Summon Horrible Things   Summ           Unusable   N/A       N/A         8

Dungeon Overview and Level Annotations

Branches:
Dungeon (4/15) Zot: 21512
 Temple: D:4-7

Altars:
Okawaru

Shops:
D:4 (

Annotations:
D:3 Grinder
D:4 Robin


Innate Abilities, Weirdness & Mutations

You are completely covered in rugged brown scales. (AC +3, +7% HP)
Armour fits poorly on your strangely shaped body.
You have a long armoured tail.
You roll when moving toward enemies. (Rampage)
Your long tongue fully drains potion bottles. (2x potion effects)
Your tongue gives you trouble enunciating. (1.5x scroll delay)


Message History

Unknown command.
You are confused.
You feel invigorated.
You slurp down every last drop of the potion of ambrosia!
The black bear barely misses you. The black bear claws you.
* * * LOW HITPOINT WARNING * * *
The black bear claws you but does no damage.
The black bear barely misses you.
The black bear claws you but does no damage.
The black bear barely misses you. The iguana bites you.
* * * LOW HITPOINT WARNING * * *
You regained 4 hp, and now have 15/54 hp.
Unknown command.
Unknown command.
You hit the iguana. The black bear barely misses you. The black bear claws you.
* * * LOW HITPOINT WARNING * * *
The black bear claws you.
* * * LOW HITPOINT WARNING * * *
The iguana bites you!
* * * LOW HITPOINT WARNING * * *
You take 10 damage, and have 5/54 hp.
You closely miss the iguana. The black bear bites you.
* * * LOW HITPOINT WARNING * * *
The black bear closely misses you.
The black bear claws you but does no damage.
The black bear closely misses you. The black bear barely misses you.
The black bear claws you.
* * * LOW HITPOINT WARNING * * *
The iguana bites you but does no damage.
You regained 5 hp, and now have 10/54 hp.
You closely miss the iguana.
You feel less invigorated.
You feel less confused. The black bear bites you!
* * * LOW HITPOINT WARNING * * *
The black bear claws you but does no damage.
The black bear claws you.
* * * LOW HITPOINT WARNING * * *
The iguana bites you but does no damage.
The black bear bites you.
You die...

###### #..# .# .....# #####
#..####.# ####.#
#...####..l..... #.#
#.#...S.h.##.###.##g #<#
#.#.####.ggl.l.....g #.# #.#S#
#..##.#.##.#. #.# #.#.#
##.##.....
####)######.#.#####....#g#S!.
.)).[.....#.#lgh@l..##.#..l.l.
.###.##.....#######.##.. #....
.# #.##.....# #.##.# .#.# .#
#........# .....# . .#
####.....# .######.....#
..........### ########..# #..#


You could see a black bear (berserk), 2 iguanas and a gnoll.

Vanquished Creatures
  Menkaure (D:4)
  Jessica (D:3)
  An iguana (D:4)
  A gnoll (D:3)
  An adder (D:2)
  An ufetubus (D:3)
  2 dart slugs
  5 orcs
  7 ball pythons
  9 bats
  8 endoplasms
  3 giant cockroaches
  7 goblins
  3 hobgoblins
  2 jackals (D:4)
  2 quokkas
  5 frilled lizards
  5 kobolds
  2 rats (D:2)
66 creatures vanquished.

Notes
Turn   | Place    | Note
-------+----------+-------------------------------------------
     0 | D:1      | NinjaNoafa the Armataur Monk began the quest for the Orb.
     0 | D:1      | Reached XP level 1. HP: 19/19 MP: 1/1
   125 | D:1      | Reached skill level 3 in Maces & Flails
   277 | D:1      | Reached XP level 2. HP: 21/26 MP: 2/2
   640 | D:2      | Upgraded the game from 0.31-a0-303-gdc8c9485ea to
                  | 0.31-a0-325-g067879e3d3
   657 | D:2      | Reached XP level 3. HP: 28/32 MP: 3/3
  1214 | D:3      | Reached skill level 4 in Maces & Flails
  1248 | D:3      | Found a faded altar of an unknown god.
  1463 | D:3      | Reached XP level 4. HP: 35/39 MP: 4/4
  1473 | D:3      | Found an iron altar of Okawaru.
  1551 | D:3      | Became a worshipper of Warmaster Okawaru
  1551 | D:3      | Reached * piety under Okawaru
  1551 | D:3      | Reached ** piety under Okawaru
  1669 | D:3      | Noticed Jessica
  1672 | D:3      | Killed Jessica
  1749 | D:3      | Noticed Grinder
  1756 | D:3      | Paralysed by Grinder for 5 turns
  1919 | D:3      | Reached skill level 1 in Armour
  2160 | D:4      | Reached skill level 1 in Invocations
  2169 | D:4      | Found Kuitoekone's Antique Weapon Boutique.
  2344 | D:4      | Noticed Menkaure
  2356 | D:4      | Killed Menkaure
  2357 | D:4      | Reached XP level 5. HP: 18/48 MP: 4/6
  2429 | D:4      | Reached XP level 6. HP: 32/54 MP: 7/7
  2430 | D:4      | Noticed Robin
  2457 | D:4      | Slain by a black bear

Illustrated notes

Levels and vault maps discovered:
D:1:      saegor_arrival_fortress, layout_basic
D:2:      layout_loops_ring, st_stairs_5
D:3:      layout_basic, okawaru_altar_gauntlet_db,
          hellmonk_ecumenical_altar_slurped_away, uniq_jessica, uniq_grinder
D:4:      layout_loops_ring, serial_shops, shop, minmay_diced_spiral,
          uniq_menkaure, uniq_robin

Skill      XL: |  1  2  3  4 |
---------------+-------------+-----
Maces & Flails | 3 4 |  4.5
Armour         | 2 |  2.8
Invocations    | 2 |  2.2
Fighting       | 3 |  3.5
Dodging        | |  2.1

Action                     |  1- 3 |  4- 6 || total
---------------------------+-------+-------++-------
  Melee: Mace              |    81 |    66 ||   147
         Tailslap          |     2 |     8 ||    10
    Use: Potion            |       |     1 ||     1
 Armour: Robe              |    24 |       ||    24
         Leather armour    |     1 |    31 ||    32
  Dodge: Dodged            |    50 |    39 ||    89

Table legend: (Time is in decaauts)
 A = Elapsed time spent in this place.
 B = Non-inter-level travel time spent in this place.
 C = Inter-level travel time spent in this place.
 D = Time resting spent in this place.
 E = Time spent auto-exploring this place.
 F = Levels seen in this place.
 G = Mean time per level.
                   A        B        C        D        E       F      G
               +--------+--------+--------+--------+--------+-----+--------+
         Total |   2486 |   2369 |    117 |     20 |   1770 |   4 |  621.5 |
       Dungeon |   2486 |   2369 |    117 |     20 |   1770 |   4 |  621.5 |
               +--------+--------+--------+--------+--------+-----+--------+

Top non-repeatable levels by time:
     D:3: 927 daAuts
     D:1: 645 daAuts
     D:2: 596 daAuts
     D:4: 317 daAuts
